 Dungeon Crawl Stone Soup version 0.29-a0-512-gf59ac788ac (webtiles) character file.

Game seed: 4494251906786089392

90 quokkamancerX the Bolt Thrower (level 4, -4/33 HPs)
             Began as a Human Hunter on May 29, 2022.
             Killed by nerve-wracking pain
             ... invoked by Grinder
              (7 damage)
             ... on level 3 of the Dungeon.
             The game lasted 00:05:15 (1773 turns).

quokkamancerX the Bolt Thrower (Human Hunter)       Turns: 1773, Time: 00:05:16

Health: -4/33      AC:  3    Str: 11    XL:     4   Next: 85%
Magic:  4/4        EV: 12    Int:  9    God:
Gold:   109        SH:  0    Dex: 19    Spells: 3/3 levels left

rFire   . . .      SeeInvis .   a - +1 hand crossbow
rCold   . . .      Faith    .   (no shield)
rNeg    . . .      Spirit   .   b - +0 leather armour
rPois   .          Reflect  .   (no helmet)
rElec   .          Harm     .   (no cloak)
rCorr   .          Rampage  .   (no gloves)
Will    .....                   (no boots)
Stlth   ++........              (no amulet)
HPRegen 0.11/turn               (no ring)
MPRegen 0.09/turn               (no ring)

@: no status effects
A: no striking features
a: no special abilities


You were on level 3 of the Dungeon.
You visited 1 branch of the dungeon, and saw 3 of its levels.

You collected 109 gold pieces.

Inventory:

Hand Weapons
 a - a +1 hand crossbow (weapon)
Missiles
 k - 5 curare-tipped darts
 n - 8 poisoned darts
Armour
 b - a +0 leather armour (worn)
Jewellery
 d - a ring of resist corrosion
Scrolls
 c - a scroll of immolation
 e - a scroll of enchant weapon {unknown}
 i - a scroll of identify
 j - 2 scrolls of magic mapping
 l - a scroll of torment {unknown}
 m - a scroll of silence {unknown}
 o - a scroll of brand weapon {unknown}
 q - a scroll of poison {unknown}
 r - 2 scrolls of teleportation {unknown}
Potions
 f - a potion of lignification {unknown}
 g - 2 potions of magic
 h - 2 potions of curing
 p - a potion of flight {unknown}


   Skills:
 - Level 2.0 Fighting
 + Level 5.0 Crossbows
 - Level 2.0 Dodging
 + Level 3.2 Stealth


You had 3 spell levels left.
You didn't know any spells.
Your spell library contained the following spells:

 Spells                   Type           Power      Damage    Failure   Level
 Poisonous Vapours        Pois/Air       0%         N/A       63%         2
 Corpse Rot               Necr/Pois/Air  0%         N/A       99%         4


Dungeon Overview and Level Annotations

Branches:
Dungeon (3/15)

Altars:

Shops:
D:2 !

Annotations:
D:3 Grinder


Message History

The bolt hits Grinder but does no damage.
Grinder is heavily wounded.
Grinder closely misses you.
Shoot: a) +1 hand crossbow
Press: ? - help, Q - select action, (/) - cycle Shift-Dir - straight line, f/p - Grinder
Aim: Grinder (heavily wounded, 63% to hit)
You shoot a bolt.
The bolt hits Grinder but does no damage.
Grinder is heavily wounded.
Grinder barely misses you.
Shoot: a) +1 hand crossbow
Press: ? - help, Q - select action, (/) - cycle Shift-Dir - straight line, f/p - Grinder
Aim: Grinder (heavily wounded, 63% to hit)
You shoot a bolt. The bolt hits Grinder.
Grinder is heavily wounded.
Grinder hits you but does no damage. Grinder gestures at you.
Pain shoots through your body!
* * * LOW HITPOINT WARNING * * *
Shoot: a) +1 hand crossbow
Press: ? - help, Q - select action, (/) - cycle Shift-Dir - straight line, f/p - Grinder
Aim: Grinder (heavily wounded, 63% to hit)
You shoot a bolt. The bolt closely misses Grinder.
Grinder says, "Just stop there for a second..."
Grinder hits you but does no damage.
Shoot: a) +1 hand crossbow
Press: ? - help, Q - select action, (/) - cycle Shift-Dir - straight line, f/p - Grinder
Aim: Grinder (heavily wounded, 63% to hit)
You shoot a bolt. The bolt hits Grinder!
Grinder is severely wounded.
Grinder gestures at you.
You barely resist.
Shoot: a) +1 hand crossbow
Press: ? - help, Q - select action, (/) - cycle Shift-Dir - straight line, f/p - Grinder
Aim: Grinder (severely wounded, 63% to hit)
You shoot a bolt. The bolt hits Grinder.
Grinder is almost dead.
Grinder gestures at you. Pain shoots through your body!
You die...

######### #.......### ...
....>.....# #.#
.......#.# #.## .....#.#
...# #)#.#.# ####..###
#.$5@.#
..............#.###
.##..######## #.#########
..!<........ #.........#
#.##.####### ##########.#
............ ......†.#..#
.)##.###############.#.##
...#.# #<##......#.#
.#.#.# #.##.##..##.#


You could see Grinder.

Vanquished Creatures
  4 adders
  A dart slug (D:3)
  An orc (D:3)
  7 endoplasms
  3 giant cockroaches
  A goblin (D:1)
  5 hobgoblins
  A quokka (D:3)
  3 ball pythons (D:1)
  5 frilled lizards
  9 kobolds
  12 rats
52 creatures vanquished.

Vanquished Creatures (others)
  6 plants (D:2)
6 creatures vanquished.

Grand Total: 58 creatures vanquished

Notes
Turn   | Place    | Note
-------+----------+-------------------------------------------
     0 | D:1      | quokkamancerX the Human Hunter began the quest for the Orb.
     0 | D:1      | Reached XP level 1. HP: 16/16 MP: 1/1
   233 | D:1      | Reached XP level 2. HP: 22/22 MP: 2/2
   665 | D:1      | Reached XP level 3. HP: 27/27 MP: 3/3
  1027 | D:2      | Found a faded altar of an unknown god.
  1095 | D:2      | Found Athrurhui's Distillery.
  1122 | D:2      | Reached XP level 4. HP: 33/33 MP: 4/4
  1620 | D:3      | Reached skill level 5 in Crossbows
  1757 | D:3      | Noticed Grinder
  1773 | D:3      | Killed from afar by Grinder

Illustrated notes

Levels and vault maps discovered:
D:1:      grunt_arrival_crossed_arrows, layout_basic
D:2:      layout_rooms, hellmonk_ecumenical_altar_crossroads, serial_shops,
          shop, lexackson_kobold_supper
D:3:      cheibrodos_greedy_goblins, layout_basic, kennysheep_generic_room_5,
          uniq_natasha, uniq_grinder

Skill      XL: |  1  2  3  4 |
---------------+-------------+-----
Stealth        | 2 3 |  3.2
Crossbows      | 5 |  5.0
Fighting       | |  2.0
Dodging        | |  2.0

Action                   |  1- 3 |  4- 6 || total
-------------------------+-------+-------++-------
 Fire: Hand crossbow     |    68 |    62 ||   130
  Use: Scroll            |     2 |     2 ||     4
Armor: Leather armour    |     8 |     3 ||    11
Dodge: Dodged            |    13 |     7 ||    20

Table legend: (Time is in decaauts)
 A = Elapsed time spent in this place.
 B = Non-inter-level travel time spent in this place.
 C = Inter-level travel time spent in this place.
 D = Time resting spent in this place.
 E = Time spent auto-exploring this place.
 F = Levels seen in this place.
 G = Mean time per level.
                   A        B        C        D        E       F      G
               +--------+--------+--------+--------+--------+-----+--------+
         Total |   1814 |   1768 |     46 |    149 |   1212 |   3 |  604.7 |
       Dungeon |   1814 |   1768 |     46 |    149 |   1212 |   3 |  604.7 |
               +--------+--------+--------+--------+--------+-----+--------+

Top non-repeatable levels by time:
     D:1: 930 daAuts
     D:2: 656 daAuts
     D:3: 227 daAuts
